 Dungeon Crawl Stone Soup version 0.18-b1-18-g7758cf2 (webtiles) character file.

1014 Grim the Archer (level 8, -2/69 HPs)
             Began as a Centaur Hunter on May 2, 2016.
             Was a Follower of Okawaru.
             Slain by Duvessa
             ... wielding a +0 short sword
              (8 damage)
             ... on level 6 of the Dungeon.
             The game lasted 00:19:53 (6282 turns).

Grim the Archer (Centaur Hunter)                    Turns: 6282, Time: 00:19:53

Health: -2/69      AC: 11    Str: 15    XL:     8   Next: 1%
Magic:  8/8        EV:  4    Int: 10    God:    Okawaru [*.....]
Gold:   345        SH:  4    Dex: 15    Spells: 0 memorised, 7 levels left

rFire  . . .     SeeInvis +       - Unarmed
rCold  . . .     Gourm    .     w - +1 chain mail (curse)
rNeg   . . .     Faith    .     (no shield)
rPois  .         Spirit   .     s - +0 helmet
rElec  .         Dismiss  .     (no cloak)
rCorr  .         Reflect  +     p - +1 pair of gloves
SustAt .         Harm     .     (no barding)
MR     .....                    n - +4 amulet of reflection
Stlth  ..........               z - ring of see invisible
                                i - +3 ring of dexterity

@: very quick, not resistant to hostile enchantments, extremely unstealthy
A: hooves 3, deformed body, speed 2, tough skin 3
a: Heroism, Renounce Religion


You were on level 6 of the Dungeon.
You worshipped Okawaru.
Okawaru was aware of your devotion.
You were near starving.

You visited 2 branches of the dungeon, and saw 7 of its levels.

You collected 345 gold pieces.

Inventory:

Hand Weapons
 a - a +1 shortbow
Missiles
 d - 44 arrows
Armour
 c - a +0 leather armour
 p - a +1 pair of gloves (worn)
 s - a +0 helmet (worn)
 t - a +0 scale mail
 w - a cursed +1 chain mail (worn)
Jewellery
 i - a +3 ring of dexterity (left hand)
 n - a +4 amulet of reflection (around neck)
 z - a ring of see invisible (right hand)
Wands
 x - a wand of confusion (24/48)
Scrolls
 b - a scroll of blinking
 e - a scroll of enchant armour
 l - 2 scrolls of amnesia
 o - a scroll of teleportation {unknown}
 q - 2 scrolls of immolation {unknown}
 y - a scroll of fog
 A - a scroll of random uselessness {unknown}
 B - a scroll of remove curse {unknown}
 C - 3 scrolls of identify
 D - a scroll of torment {unknown}
Potions
 h - 2 potions of lignification
 j - a potion of curing
 k - a potion of heal wounds {unknown}
 m - a potion of might {unknown}
 u - 2 potions of agility {unknown}
 v - a potion of flight {unknown}
 E - a potion of ambrosia {unknown}
Comestibles
 f - 2 bread rations
 g - 2 meat rations
 r - 11 fruits
 F - a slice of pizza


   Skills:
 * Level 5.5 Fighting
 + Level 10.0 Bows
 - Level 1.3 Dodging
 - Level 0.5 Stealth
 - Level 3.7 Unarmed Combat


You had 7 spell levels left.
You didn't know any spells.

Dungeon Overview and Level Annotations

Branches:
Dungeon (6/15)             Temple (1/1) D:5

Altars:
Ashenzari
Cheibriados
Dithmenos
Elyvilon
Fedhas
Gozag
Kikubaaqudgha
Makhleb
Nemelex Xobeh
Okawaru
Qazlal
Ru
Sif Muna
Trog
Vehumet
Yredelemnul
Zin
The Shining One

Shops:
D:5 }   D:6 }

Annotations:
D:6 Dowan, Duvessa, Eustachio


Innate Abilities, Weirdness & Mutations

You have hooves in place of feet.
Armour fits poorly on your strangely shaped body.
You cover ground very quickly.
You have extremely tough skin (AC +3).


Message History

Duvessa is lightly wounded.
Duvessa hits you with a short sword. Duvessa hits you but does no damage.
Unknown command.
You hit Duvessa but do no damage. Your kick misses Duvessa.
Duvessa is lightly wounded.
Duvessa hits you with a short sword!
* * * LOW HITPOINT WARNING * * *
Dowan hisses, "Insulting my beauty only makes me fight harder!"
You hit Duvessa but do no damage.
Duvessa is lightly wounded.
Duvessa hits you with a short sword!
* * * LOW HITPOINT WARNING * * *
Eustachio gestures wildly while chanting.
Eustachio blinks!
Duvessa hits you with a short sword.
* * * LOW HITPOINT WARNING * * *
You hit Eustachio. Your kick misses Eustachio.
Eustachio is heavily wounded.
Eustachio mumbles some strange words.
Duvessa hits you with a short sword!
You die...

#$.##(# #..#.##
#.....#
#..###.# ###.e#
. #§...## .
#e##.##.
##..###
#e##.##. .. ...
#@##.##.##.#..#
#@##.......#..#
#5# ###.......#
#.#######..#.#
##
#......(.).#.#
#.
#########.##.#
#. #.##.# #.
#.##.####.
#.##....†.


You could see Eustachio, Duvessa (berserk), Dowan and a quasit.

Vanquished Creatures
  A necrophage (D:6)
  An ogre (D:5)
  A giant frog (D:5)
  2 scorpions
  3 orc priests
  2 hounds
  6 orc wizards
  A giant frog skeleton (D:5)
  A worker ant (D:6)
  2 iguanas
  A hound zombie (D:6)
  2 hound skeletons (D:5)
  6 adders
  A shadow imp (D:5)
  2 oozes
  An adder skeleton (D:4)
  4 worms
  2 dart slugs
  5 giant geckos
  14 orcs
  2 ball pythons
  5 hobgoblins
  13 jackals
  3 quokkas
  6 bats
  3 giant newts
  6 goblins
  A jackal zombie (D:5)
  10 kobolds
  6 rats
113 creatures vanquished.

Vanquished Creatures (others)
  An orc wizard (D:6)
  An orc (D:6)
2 creatures vanquished.

Grand Total: 115 creatures vanquished

Notes
Turn   | Place    | Note
--------------------------------------------------------------
     0 | D:1      | Grim the Centaur Hunter began the quest for the Orb.
     0 | D:1      | Reached XP level 1. HP: 17/17 MP: 1/1
   288 | D:1      | Reached XP level 2. HP: 25/25 MP: 2/2
  1130 | D:2      | Reached XP level 3. HP: 29/31 MP: 3/3
  1597 | D:2      | Reached skill level 6 in Bows
  1700 | D:2      | Found a shattered altar of Ashenzari.
  1705 | D:2      | Found an opulent altar of Gozag.
  1731 | D:2      | Found a white marble altar of Elyvilon.
  1734 | D:2      | Found a sacrificial altar of Ru.
  1738 | D:2      | Reached skill level 1 in Unarmed Combat
  1879 | D:2      | Reached XP level 4. HP: 25/38 MP: 4/4
  2738 | D:3      | Found a blossoming altar of Fedhas.
  2874 | D:3      | Reached skill level 7 in Bows
  2938 | D:3      | Reached XP level 5. HP: 45/45 MP: 5/5
  4022 | D:4      | Reached skill level 8 in Bows
  4027 | D:4      | Found a deep blue altar of Sif Muna.
  4058 | D:5      | Entered Level 5 of the Dungeon
  4058 | D:5      | Found a glowing golden altar of the Shining One.
  4072 | D:5      | Reached XP level 6. HP: 51/51 MP: 6/6
  4482 | D:5      | Found a staircase to the Ecumenical Temple.
  4518 | Temple   | Entered the Ecumenical Temple
  4575 | Temple   | Became a worshipper of Warmaster Okawaru
  4650 | D:5      | Reached skill level 9 in Bows
  4895 | D:5      | Reached XP level 7. HP: 57/57 MP: 7/7
  4961 | D:5      | Found Ehustel's Gadget Emporium.
  5355 | D:5      | Reached * piety under Okawaru
  5589 | D:6      | Noticed Eustachio
  5774 | D:6      | Found Kaitseno's Quality Used Wands.
  5804 | D:6      | Reached skill level 5 in Fighting
  6164 | D:6      | Reached skill level 10 in Bows
  6179 | D:6      | Reached XP level 8. HP: 47/69 MP: 8/8
  6253 | D:6      | Noticed Dowan
  6261 | D:6      | Noticed Duvessa
  6282 | D:6      | Slain by Duvessa

Skill      XL: |  1  2  3  4  5  6  7 |
---------------+----------------------+-----
Fighting       | 3 5 |  5.5
Bows           | 6 7 8 9 10 | 10.0
Unarmed Combat | 1 2 3 |  3.7
Dodging        | |  1.3
Stealth        | |  0.5

Action                   |  1- 3 |  4- 6 |  7- 9 || total
-------------------------+-------+-------+-------++-------
Melee: Short sword       |    81 |    54 |       ||   135
       Kick              |    21 |    35 |    44 ||   100
       Unarmed           |       |    70 |   138 ||   208
       Punch             |       |     1 |     1 ||     2
 Fire: Shortbow          |    59 |   137 |    62 ||   258
  Use: Scroll            |       |     7 |       ||     7
       Potion            |       |       |     1 ||     1
  Eat: Chunk             |     2 |     3 |     3 ||     8
       Bread ration      |       |     1 |       ||     1
Armor: Leather armour    |    47 |    21 |       ||    68
       Scale mail        |       |     4 |       ||     4
       Chain mail        |       |    41 |   113 ||   154
Dodge: Dodged            |    66 |    57 |    23 ||   146
Block: Other             |       |     8 |    33 ||    41
       Reflection        |       |       |     2 ||     2
